 Dungeon Crawl Stone Soup version 0.23-a0-470-g6f7cfd9 (webtiles) character file.

31 Amnesiac the Skirmisher (level 3, -6/23 HPs)
             Began as a Deep Elf Wanderer on Nov 26, 2018.
             Mangled by a worm (7 damage)
             ... on level 2 of the Dungeon.
             The game lasted 00:04:11 (842 turns).

Amnesiac the Skirmisher (Deep Elf Wanderer)          Turns: 842, Time: 00:04:12

Health: -6/23      AC:  2    Str: 10    XL:     3   Next: 7%
Magic:  1/9        EV: 11    Int: 15    God:
Gold:   42         SH:  0    Dex: 15    Spells: 3/8 levels left

rFire    . . .     SeeInvis .   b - +0 short sword
rCold    . . .     Gourm    .   (no shield)
rNeg     . . .     Faith    +   d - +0 robe
rPois    .         Spirit   .   (no helmet)
rElec    .         Reflect  .   (no cloak)
rCorr    .         Harm     .   (no gloves)
MR       .....                  (no boots)
Stlth    ++........             e - amulet of faith
HPRegen  0.07/turn              (no ring)
MPRegen  0.11/turn              (no ring)

@: about to teleport, very slightly contaminated
A: no striking features
a: no special abilities


You were on level 2 of the Dungeon.
You were not hungry.

You visited 1 branch of the dungeon, and saw 2 of its levels.

You collected 42 gold pieces.

Inventory:

Hand Weapons
 b - a +0 short sword (weapon)
Armour
 d - a +0 robe (worn)
Jewellery
 e - an amulet of faith (around neck)
Scrolls
 a - a scroll of fog {!r, unknown}
Potions
 j - a potion of flight {!q}
Comestibles
 f - 3 rations
 g - 5 chunks of flesh


   Skills:
 - Level 3.2 Fighting
 + Level 1.2 Stealth
 - Level 3.0 Spellcasting
 - Level 3.0 Conjurations
   Level 1.1 Ice Magic
   Level 2.1 Evocations


You had 3 spell levels left.
You knew the following spells:

 Your Spells              Type           Power        Failure   Level  Hunger
a - Magic Dart            Conj           ##..         5%          1    #......
b - Call Imp              Summ           #.......     30%         2    ##.....
v - Blink                 Tloc           N/A          30%         2    ##.....

Your spell library contained the following spells:

 Spells                   Type           Power        Failure   Level  Hunger
 Slow                     Hex            #.......     30%         2    ##.....
 Conjure Flame            Conj/Fire      #.......     32%         3    ###....
 Mephitic Cloud           Conj/Pois/Air  #.......     36%         3    ###....


Dungeon Overview and Level Annotations

Branches:
Dungeon (2/15)

Altars:


Message History

The gnoll hits your crimson imp with a +0 spear!
The giant cockroach barely misses you.
Some of the chunks of flesh in your inventory have rotted away.
The gnoll barely misses your crimson imp.
Your crimson imp blinks!
Really quaff
i - a bubbling cyan potion {!q}?
It was a potion of cancellation {!q}.
You feel magically purged. The giant cockroach closely misses you.
Your crimson imp blinks!
The giant cockroach misses you.
Your crimson imp blinks!
You swap places.
The giant cockroach misses your crimson imp.
The giant cockroach bites your crimson imp.
The giant cockroach barely misses your crimson imp.
The giant cockroach dies!
What are your orders? t - Shout!
Orders for allies: a - Attack new target. p - Attack previous target. r - Retreat! s - Stop attacking. g - Guard the area. f - Follow me.
Anything else - Cancel.
Gang up on whom?
Press: ? - help, Dir - move target cursor, f/p - gnoll
Aim: a gnoll, wielding a +0 spear and wearing a +0 ring mail (moderately Attack!
Your crimson imp blinks!
You see here 17 arrows.
Your crimson imp blinks!
You swap places.
Casting: Call Imp (safe; 30% risk of failure)
Confirm with . or Enter, or press ? or * to list all spells.
A beastly little devil appears in a puff of flame.
Unknown command.
You swap places.
Your crimson imp disappears in a puff of smoke!
The gnoll hits your crimson imp with a +0 spear.
The gnoll misses your crimson imp.
The gnoll hits your crimson imp with a +0 spear.
The gnoll closely misses your crimson imp.
The gnoll hits your crimson imp with a +0 spear.
The gnoll barely misses your crimson imp.
Some of the chunks of flesh in your inventory have rotted away.
The gnoll hits your crimson imp with a +0 spear!
Your crimson imp dies!
Casting: Call Imp (safe; 30% risk of failure)
Confirm with . or Enter, or press ? or * to list all spells.
You miscast Call Imp.
You are very lightly contaminated with residual magic.
You hear strange voices.
You barely miss the worm. The rat bites you.
* * * LOW HITPOINT WARNING * * *
The worm completely misses you.
Really read
c - a scroll of teleportation {!r}?
As you read the scroll of teleportation {!r}, it crumbles to dust.
You feel strangely unstable. The rat barely misses you.
Unknown command.
Really read
h - a scroll labeled XUOMIXU RAISUMP {!r}?
As you read the scroll labeled XUOMIXU RAISUMP {!r}, it crumbles to dust.
Your +0 short sword glows faint charcoal for a moment.
It was a scroll of random uselessness {!r}.
The rat completely misses you. The gnoll closely misses you.
The worm bites you!
You die...

#####.##### #..r..g...#
#.###.###l# #.#.#.# #.#
########## #g#.#.# #.#
.........# #l#.#.###.#
.........## #.#.....#.#
.l.rl.....# #r#w#.....#
#########.# #.#@###.###
r### #.# #.#r###.###.#
.'.# #.####.#.g.......#
.#.######.lg...#####g#####
............#### #.#
..........r.# #.#
........$...# #g#
............# #.#
............########.#


You could see a worm, a gnoll and a rat.

Vanquished Creatures
  2 dart slugs (D:1)
  A leopard gecko (D:1)
  2 hobgoblins
  2 jackals (D:1)
  A bat (D:1)
  4 frilled lizards
  3 rats (D:1)
15 creatures vanquished.

Vanquished Creatures (collateral kills)
  2 gnolls (D:2)
  A giant cockroach (D:2)
  A kobold (D:2)
4 creatures vanquished.

Grand Total: 19 creatures vanquished

Notes
Turn   | Place    | Note
-------+----------+-------------------------------------------
     0 | D:1      | Amnesiac the Deep Elf Wanderer began the quest for the Orb.
     0 | D:1      | Amnesiac set off with the following items: a +0 short
                  | sword, a scroll of teleportation {!r}, a +0 robe, a ration;
                  | and the following spell memorised: Magic Dart; and the
                  | following spells available to memorise: Blink, Call Imp,
                  | Slow, Conjure Flame, Mephitic Cloud
     0 | D:1      | Reached XP level 1. HP: 14/14 MP: 6/6
     0 | D:1      | Noticed a vampire
     0 | D:1      | Noticed a vine stalker
     2 | D:1      | Noticed a formicid
     4 | D:1      | Noticed a troll
     7 | D:1      | Noticed a gargoyle
     8 | D:1      | Noticed a dwarf
    10 | D:1      | Noticed a centaur
    10 | D:1      | Noticed a draconian
    12 | D:1      | Noticed an elf
    12 | D:1      | Noticed an ogre
    16 | D:1      | Noticed a felid
    21 | D:1      | Noticed an octopode
   297 | D:1      | Reached skill level 1 in Conjurations
   555 | D:1      | Reached XP level 2. HP: 19/19 MP: 2/8
   567 | D:1      | Learned a level 2 spell: Blink
   570 | D:1      | Learned a level 2 spell: Call Imp
   771 | D:2      | Reached XP level 3. HP: 18/23 MP: 1/9
   793 | D:2      | HP: 1/23 [gnoll/+0 spear (7)]
   840 | D:2      | HP: 1/23 [rat (3)]
   842 | D:2      | Mangled by a worm

Vault maps used:
D:1:      shiori_arrival_whats_in_store_for_you
D:2:      item_on_display_a

Skill      XL: |  1  2 |
---------------+-------+-----
Conjurations   | 1 3 |  3.0
Fighting       | |  3.2
Stealth        | |  1.2
Spellcasting   | |  3.0
Ice Magic      | |  1.1
Evocations     | |  2.1

Action                   || total
-------------------------++-------
Melee: Short sword       ||    10
 Cast: Magic Dart        ||    32
       Call Imp          ||     5
  Use: Potion            ||     2
       Scroll            ||     2
Armor: Robe              ||     6
Dodge: Dodged            ||    24

Table legend:
 A = Non-vault XP
 B = Vault XP
 C = Vault XP percentage of total XP
 D = Non-vault monster count
 E = Vault monster count
 F = Vault count percentage of total count
                 A         B        C        D         E       F
            +---------+---------+-------+---------+---------+-------
      Total |      45 |       0 |   0.0 |      19 |       0 |   0.0
            +---------+---------+-------+---------+---------+-------
        D:1 |      24 |       0 |   0.0 |      13 |       0 |   0.0
        D:2 |      21 |       0 |   0.0 |       6 |       0 |   0.0
            +---------+---------+-------+---------+---------+-------
